[Event "*** SCC Grand Prix: Titled Tuesday Blitz"]
[Site "Chess.com"]
[Date "2020.07.21"]
[Round "7"]
[White "Chessmasterzt"]
[Black "Kirill_Klukin"]
[Result "1-0"]
[WhiteElo "2602"]
[BlackElo "2703"]
[TimeControl "180+1"]
[EndTime "11:17:19 PDT"]
[Termination "Chessmasterzt won by resignation"]

1. d4 Nf6 2. Nf3 g6 3. c4 Bg7 4. Nc3 O-O 5. e4 d6 6. Be2 Na6 7. O-O e5 8. d5 Nc5 9. Qc2 a5 10.
Bg5 Qe8 11. Nd2 Bd7 12. b3 Nh5 13. Bxh5 gxh5 14. Be3 b6 15. Rae1 f5 16. Bxc5 bxc5 17. exf5 Bxf5 18. Nde4 Qg6 19. f3 h4 20. Kh1 Bh6 21.
Nb5 Rf7 22. Qf2 h3 23. g4 Bxe4 24. Rxe4 Raf8 25. Qe2 Rf4 26. Nc3 Kh8 27. Rxf4 Bxf4 28. Ne4 Ra8 29. a4 Rb8 30. Rb1 h5 31. Rg1 hxg4 32.
Rxg4 Qh6 33. Qe1 Rxb3 34. Rh4 Rxf3 35. Rxh6+ Bxh6 36. Ng3 Bf4 37. Qe2 Rc3 38. Qh5+ Kg7 39. Qg4+ Kf7 40. Qd7+ Kf6 41. Ne4+ 1-0

[Event "*** SCC Grand Prix: Titled Tuesday Blitz"]
[Site "Chess.com"]
[Date "2020.07.21"]
[Round "7"]
[White "Shubinkirill2003"]
[Black "Jaka_Brilej"]
[Result "1-0"]
[WhiteElo "2636"]
[BlackElo "2349"]
[TimeControl "180+1"]
[EndTime "11:17:22 PDT"]
[Termination "Shubinkirill2003 won on time"]

1. e4 c5 2. Nf3 Nc6 3. Bb5 Nf6 4.
Bxc6 dxc6 5. d3 g6 6. h3 Bg7 7. a4 a5 8. O-O O-O 9. Nbd2 b6 10. Qe2 Re8 11. Nc4 Ba6 12. Bf4 Bxc4 13. dxc4 Nh5 14.
Be5 Bxe5 15. Nxe5 Qc7 16. Ng4 Rad8 17. e5 f5 18. Nh6+ Kg7 19. Nxf5+ gxf5 20. Qxh5 Qxe5 21. Qg5+ Kf7 22. Qh6 Qg7 23. Qxc6 Rg8 24. Rfe1 Qxb2 25. Qe6+ Kg7 26. Qxf5 Kh8 27. Rab1 Qg7 28. Qe5 Rd6 29. Qxg7+ Rxg7 30. Rb3 Kg8 31. Rf3 Rf7 32. Rb3 Kf8 33.
g3 Ke8 34. Rd3 Kd7 35. f4 h5 36. h4 Rg7 37. Kf2 Kc6 38. Re5 Rh6 39. Kf3 Rhg6 40. Kf2 Rh6 41. Rde3 Kd6 42. Rd5+ Kc6 43. c3 Rhg6 44.
Rxh5 Rd6 45. Ke2 Rg8 46. Rhe5 Rgd8 47. Re6 1-0

[Event "*** SCC Grand Prix: Titled Tuesday Blitz"]
[Site "Chess.com"]
[Date "2020.07.21"]
[Round "7"]
[White "Yoshikrov"]
[Black "OnePeculiarConundrum"]
[Result "1-0"]
[WhiteElo "2145"]
[BlackElo "2323"]
[TimeControl "180+1"]
[EndTime "11:17:22 PDT"]
[Termination "Yoshikrov won by resignation"]

1. e4 c5 2. Nf3 d6 3. d4 cxd4 4. Nxd4 Nf6 5. Nc3 a6 6. Be3 e6 7. g4 b5 8. g5 Nfd7 9. a3 Bb7 10. h4 Be7 11. Qd2 Nb6 12. O-O-O N8d7 13. Rg1 Ne5 14. b3 d5 15. f4 Bxa3+ 16. Kb1 Ned7 17. exd5 Nxd5 18.
Bg2 O-O 19. Nxd5 exd5 20. h5 Re8 21. Bh3 Nc5 22. Bf5 Ne4 23. Bxe4 dxe4 24. g6 fxg6 25. hxg6 h6 26. f5 Qf6 27. Bxh6 gxh6 28. Qxh6 Qg7 29.
Qg5 Be7 30. Qg4 Bf6 31. Ne6 Rxe6 32. fxe6 Ba1 33. c3 Bxc3 34. Rg2 Bc6 35. Rc2 b4 36. e7 Re8 37. Qe6+ Kh8 38. Rh1+ Qh6 39. Rxh6+ 1-0

[Event "*** SCC Grand Prix: Titled Tuesday Blitz"]
[Site "Chess.com"]
[Date "2020.07.21"]
[Round "7"]
[White "Harsha_Bharathakoti"]
[Black "Grischuk"]
[Result "0-1"]
[WhiteElo "2760"]
[BlackElo "3032"]
[TimeControl "180+1"]
[EndTime "11:17:23 PDT"]
[Termination "Grischuk won by resignation"]

1. d4 Nf6 2. c4 g6 3. Nc3 Bg7 4. e4 d6 5. Nf3 O-O 6. Be2 e5 7. O-O Nc6 8. d5 Ne7 9. Ne1 Nd7 10. Nd3 f5 11. f3 f4 12. Bd2 g5 13. Rc1 Nf6 14.
c5 Ng6 15. Nb5 Rf7 16. Bb4 Bf8 17. cxd6 cxd6 18. a4 Rg7 19. Kh1 h5 20. Qc2 Ne8 21. Qd1 Bd7 22. Be1 Nh8 23. Na3 g4 24. g3 fxg3 25.
hxg3 Nf6 26. Nc4 Ng6 27. Rg1 h4 28. gxh4 Rh7 29. Rg2 Bh6 30. fxg4 Nxh4 31. Bxh4 Bg5 32. Kg1 Rxh4 33. Rc3 Nxe4 34. Rb3 Rc8 35. Nd2 0-1

[Event "*** SCC Grand Prix: Titled Tuesday Blitz"]
[Site "Chess.com"]
[Date "2020.07.21"]
[Round "7"]
[White "boasovietica"]
[Black "Zmof"]
[Result "1-0"]
[WhiteElo "2422"]
[BlackElo "2184"]
[TimeControl "180+1"]
[EndTime "11:17:23 PDT"]
[Termination "boasovietica won on time"]

1. e4 c5 2. Nf3 Nc6 3. Nc3 e5 4. Bc4 Be7 5. d3 Nf6 6. Nd2 O-O 7. Nf1 d6 8. Ne3 a6 9. a4 b6 10. Ncd5 Nxd5 11. Nxd5 Be6 12. O-O Bxd5 13. Bxd5 Rc8 14.
f4 exf4 15. Rxf4 Bg5 16. Rf2 Bxc1 17. Qxc1 Qd7 18. Qf4 Nb4 19. Bb3 d5 20. exd5 Nxd5 21. Qg5 Rcd8 22. Raf1 h6 23. Qh5 Nf6 24. Rxf6 gxf6 25.
Qg6+ Kh8 26. Qxh6+ Kg8 27. Rf4 c4 28. Bxc4 Rfe8 29.
Rh4 Re1+ 30. Kf2 Qf5+ 31. Kxe1 Re8+ 32. Kd2 Qf2+ 33. Kc3 1-0

[Event "*** SCC Grand Prix: Titled Tuesday Blitz"]
[Site "Chess.com"]
[Date "2020.07.21"]
[Round "7"]
[White "PauloCesarCosta_sad"]
[Black "dpopadic"]
[Result "1-0"]
[WhiteElo "2219"]
[BlackElo "2364"]
[TimeControl "180+1"]
[EndTime "11:17:23 PDT"]
[Termination "PauloCesarCosta_sad won by checkmate"]

1. Nf3 Nf6 2. c4 g6 3. Nc3 Bg7 4. d4 d6 5. g3 O-O 6. Bg2 Nbd7 7. O-O e5 8. e4 exd4 9. Nxd4 Re8 10. h3 a6 11. Re1 Rb8 12. Bf4 Ne5 13. b3 c5 14.
Nf3 Qc7 15. Nxe5 dxe5 16. Bg5 Be6 17. Qf3 Nh5 18. Nd5 Bxd5 19. cxd5 f6 20. Be3 Qd6 21. Rac1 Rbc8 22. Rc2 b6 23. Rec1 a5 24. Qe2 Rc7 25. Bf3 Rec8 26. Bxh5 gxh5 27. Qxh5 b5 28. Qe2 f5 29.
exf5 Qxd5 30. Qxb5 Bf8 31. Rd2 Qf7 32. Qc4 Kg7 33.
Qxf7+ Kxf7 34. g4 c4 35. bxc4 Rxc4 36. Rxc4 Rxc4 37. Kg2 a4 38. Rd7+ Ke8 39. Rxh7 a3 40.
Ra7 Rc2 41. Ra8+ Kf7 42. g5 Bb4 43. Ra7+ Ke8 44. Ra8+ Kf7 45. Ra7+ Ke8 46. g6 Kf8 47. Bh6+ Kg8 48. Ra8+ Bf8 49. Rxf8# 1-0

[Event "*** SCC Grand Prix: Titled Tuesday Blitz"]
[Site "Chess.com"]
[Date "2020.07.21"]
[Round "7"]
[White "PawnEatingZombie"]
[Black "felipelobo"]
[Result "0-1"]
[WhiteElo "2217"]
[BlackElo "2115"]
[TimeControl "180+1"]
[EndTime "11:17:23 PDT"]
[Termination "felipelobo won on time"]

1. d4 Nf6 2. c4 g6 3. Nc3 Bg7 4. e4 d6 5. Be2 O-O 6. Be3 e5 7. d5 a5 8. g4 Nbd7 9. h4 Nc5 10.
f3 h5 11. g5 Nfd7 12. b3 b6 13. Qc2 Na6 14. a3 Ndc5 15. Rb1 Nd7 16. Nh3 Kh7 17.
Kd2 Nac5 18. b4 axb4 19. axb4 Na6 20. Nf2 f5 21. Ke1 fxe4 22. Nfxe4 Qe7 23. Rg1 Qf7 24. Rg3 Ndb8 25. Bd3 Bf5 26. Nf6+ Bxf6 27. Bxf5 Bg7 28. Be4 Nd7 29. Ke2 Ra7 30. Rgg1 Raa8 31. Bd2 Rfe8 32. Nb5 Nf8 33. Ra1 Qd7 34. Rg3 Nxb4 35. Bxb4 Rxa1 36. Nc3 Rea8 0-1

[Event "*** SCC Grand Prix: Titled Tuesday Blitz"]
[Site "Chess.com"]
[Date "2020.07.21"]
[Round "7"]
[White "GregShahade"]
[Black "Zurability"]
[Result "0-1"]
[WhiteElo "2692"]
[BlackElo "2591"]
[TimeControl "180+1"]
[EndTime "11:17:25 PDT"]
[Termination "Zurability won by checkmate"]

1. e4 e5 2. Nf3 Nc6 3. Bb5 a6 4. Ba4 Nf6 5. O-O Be7 6. Re1 b5 7. Bb3 O-O 8. a4 Bb7 9. d3 d6 10. Nbd2 Na5 11. Ba2 c5 12. c3 b4 13. Nc4 Nxc4 14. Bxc4 a5 15. Bg5 h6 16. Bxf6 Bxf6 17. Nd2 Bg5 18. Nf1 Kh8 19. g3 f5 20. Bd5 Bxd5 21. exd5 f4 22. Qg4 Qf6 23. Re2 bxc3 24.
bxc3 fxg3 25. hxg3 Rab8 26. Rae1 Qf3 27. Qc4 Rf7 28. Nh2 Qf5 29. Qa6 Rf6 30. Qxa5 Qxd3 31.
Qc7 Rbf8 32. Qd7 Rxf2 33. Rxf2 Qxg3+ 34. Kh1 Rxf2 35. Qe8+ Kh7 36. Qh5 Qg2# 0-1

[Event "*** SCC Grand Prix: Titled Tuesday Blitz"]
[Site "Chess.com"]
[Date "2020.07.21"]
[Round "7"]
[White "Matveev_Vladimir"]
[Black "Bayernbk"]
[Result "1/2-1/2"]
[WhiteElo "2668"]
[BlackElo "2520"]
[TimeControl "180+1"]
[EndTime "11:17:26 PDT"]
[Termination "Game drawn by repetition"]

1. d4 Nf6 2. c4 e6 3. Nf3 d5 4. g3 Be7 5. Bg2 O-O 6. O-O c6 7. Nbd2 b6 8. b3 Bb7 9. a4 a5 10. Bb2 Na6 11. Ne5 Nd7 12. f4 Nb4 13. Bc3 Qc7 14. e4 f6 15. Nxd7 Qxd7 16. Bh3 Rae8 17. Re1 Qd8 18. Bxe6+ Kh8 19. f5 Bd6 20. e5 fxe5 21.
dxe5 Bc5+ 22. Kg2 Rxe6 23. fxe6 Rf2+ 24. Kh1 Nd3 25. Qh5 Nxe1 26. Rxe1 Qe7 27. Re2 Rxe2 28. Qxe2 Qxe6 29. Nf3 h6 30. Kg2 dxc4 31. bxc4 Ba6 32.
Nd2 Bb4 33. Qd3 c5 34. Qd8+ Kh7 35. Qd3+ Kh8 36. Qd8+ Kh7 37. Qd3+ Kh8 1/2-1/2

[Event "*** SCC Grand Prix: Titled Tuesday Blitz"]
[Site "Chess.com"]
[Date "2020.07.21"]
[Round "7"]
[White "Richarzard69"]
[Black "sewin16"]
[Result "0-1"]
[WhiteElo "2218"]
[BlackElo "2383"]
[TimeControl "180+1"]
[EndTime "11:17:26 PDT"]
[Termination "sewin16 won on time"]

1. Nf3 Nf6 2. c4 e6 3. d4 d5 4.
g3 Nbd7 5. Qc2 Bb4+ 6. Bd2 Be7 7. Bg2 Ne4 8. O-O Nxd2 9. Nbxd2 O-O 10. e4 dxe4 11. Nxe4 Nf6 12. Rad1 c6 13. Rfe1 Nxe4 14. Qxe4 Bf6 15. Ne5 Qb6 16. b3 a5 17. c5 Qb4 18.
Nc4 a4 19. Nb6 Ra6 20. bxa4 Rd8 21. Bf1 Ra7 22. Re3 Bd7 23. Rb3 Qa5 24. Bd3 g6 25.
Qf4 Kg7 26. Qc7 Be8 27. Bc4 Rxd4 28. Rxd4 Qe1+ 29. Kg2 Bxd4 30. Rf3 Bxc5 31. Nc8 Rxa4 32. Qd8 Rxc4 33. Qxe8 f5 34. Qd7+ Kh6 35. Qf7 Rc1 0-1

[Event "*** SCC Grand Prix: Titled Tuesday Blitz"]
[Site "Chess.com"]
[Date "2020.07.21"]
[Round "7"]
[White "Fischerev7"]
[Black "MVM2008"]
[Result "1-0"]
[WhiteElo "2352"]
[BlackElo "2173"]
[TimeControl "180+1"]
[EndTime "11:17:26 PDT"]
[Termination "Fischerev7 won by resignation"]

1. e4 e5 2. Bc4 Nf6 3. d3 c6 4. Nf3 d5 5. Bb3 Bd6 6. O-O O-O 7. Nc3 Be6 8. h3 h6 9. Bd2 Na6 10. Re1 d4 11. Ne2 Bxb3 12. axb3 Nc5 13. Ng3 Ne6 14. Nh4 Re8 15. Nhf5 Bc7 16. Nh5 Nxh5 17. Qxh5 Qf6 18. Qf3 Ng5 19. Qg4 Bd8 20. f4 exf4 21. Bxf4 Ne6 22.
Bxh6 g6 23. Bd2 Ng5 24. Rf1 Qe5 25. Bxg5 gxf5 26. Rxf5 Qg7 27. Raf1 f6 28. Bxf6 Qxg4 29.
hxg4 Bxf6 30. Rxf6 a5 31. Rf7 b5 32. Rd7 Rf8 33. Rxd4 Rxf1+ 34. Kxf1 a4 35. bxa4 bxa4 36. Rc4 Rb8 37. Rxa4 Rxb2 38. Rc4 Rb6 39. Kf2 Kf7 40. Kf3 Kf6 41. Kf4 Kg6 42. e5 Kf7 43. Kf5 1-0

[Event "*** SCC Grand Prix: Titled Tuesday Blitz"]
[Site "Chess.com"]
[Date "2020.07.21"]
[Round "7"]
[White "Josip_buje"]
[Black "londonkid"]
[Result "1/2-1/2"]
[WhiteElo "2280"]
[BlackElo "2412"]
[TimeControl "180+1"]
[EndTime "11:17:27 PDT"]
[Termination "Game drawn by agreement"]

1. d4 Nf6 2. Nf3 e6 3. Bg5 b6 4. e3 Bb7 5. Nbd2 Be7 6. Bd3 O-O 7. O-O c5 8. Qe2 cxd4 9. exd4 d6 10. c3 Nbd7 11. h3 h6 12. Bh4 Re8 13. Bg3 Bf8 14.
Rfe1 a6 15. Nf1 Qc7 16. N3d2 b5 17. Ne4 Nxe4 18. Bxe4 Bxe4 19. Qxe4 Nf6 20. Qf3 Rab8 21. a3 a5 22. Rac1 Qb6 23. Ne3 b4 24. axb4 axb4 25. Ng4 Nxg4 26. Qxg4 bxc3 27. bxc3 Rbc8 28. Bf4 g6 29. h4 h5 30. Qg3 Red8 31. Bg5 Rd7 32.
Bf6 Bg7 33. Bxg7 Kxg7 34. Re3 Qb2 35. Rce1 Rdc7 36. Qxd6 Rxc3 37. Qe5+ Kg8 38. Rxc3 Qxc3 39. Re3 Qa1+ 40. Kh2 Rd8 41. Re4 Qb2 42. Rf4 Qb8 43. Qf6 Qc7 44. g3 Rd5 45. Kg1 Rd7 46. Qe5 Qxe5 47. dxe5 Rd5 48. Re4 Kg7 49. Kg2 f6 50.
exf6+ Kxf6 51. Rf4+ Kg7 52. Rf3 Rd6 53. Ra3 Kf6 54.
Ra5 e5 55. Ra8 Kg7 56. Re8 Kf6 57. Rf8+ Ke6 58. Re8+ Kd5 59. Kf3 1/2-1/2

[Event "*** SCC Grand Prix: Titled Tuesday Blitz"]
[Site "Chess.com"]
[Date "2020.07.21"]
[Round "7"]
[White "BogdanDeac"]
[Black "Sanan_Sjugirov"]
[Result "0-1"]
[WhiteElo "2796"]
[BlackElo "2996"]
[TimeControl "180+1"]
[EndTime "11:17:28 PDT"]
[Termination "Sanan_Sjugirov won on time"]

1. Nf3 Nf6 2. c4 e6 3. g3 c5 4. Bg2 Qb6 5. O-O Nc6 6. e3 d5 7. cxd5 exd5 8. d4 cxd4 9. Nxd4 Nxd4 10. exd4 Be7 11. Re1 Be6 12. Qa4+ Bd7 13. Qb3 Qxb3 14. axb3 Be6 15. Nc3 a6 16. Bg5 O-O 17. Na4 Rac8 18. Rec1 h6 19. Be3 Nd7 20. Rc3 Bb4 21. Rcc1 Rfd8 22.
Bf4 g5 23. Bc7 Re8 24. Bb6 Be7 25. Rc3 Bb4 26. Rcc1 Bf8 27. Rc3 Bg7 28. Rd1 Bg4 29. Rxc8 Rxc8 30. Re1 Be6 0-1

[Event "*** SCC Grand Prix: Titled Tuesday Blitz"]
[Site "Chess.com"]
[Date "2020.07.21"]
[Round "7"]
[White "SzMM19"]
[Black "PowerThinking2650"]
[Result "1-0"]
[WhiteElo "2574"]
[BlackElo "2345"]
[TimeControl "180+1"]
[EndTime "11:17:28 PDT"]
[Termination "SzMM19 won on time"]

1. b3 e5 2. Bb2 Nc6 3. e3 Nf6 4.
Bb5 Bd6 5. Na3 Qe7 6. Nc4 a6 7. Nxd6+ Qxd6 8. Be2 Qe7 9. Nf3 d5 10. d4 exd4 11. Nxd4 Nxd4 12. Qxd4 b6 13. O-O-O c5 14. Qh4 Be6 15. Bf3 Rd8 16. Qa4+ Rd7 17. Qxa6 O-O 18.
Qxb6 Rb7 19. Qa5 Ra7 20. Bxf6 gxf6 21. Qc3 d4 22. exd4 cxd4 23. Qxd4 Rxa2 24. Rhe1 Qa3+ 25. Kd2 Bxb3 26. Rc1 Qa5+ 27. Ke3 Rd8 28. Qg4+ Kh8 29. Kf4 Qc7+ 30. Ke3 1-0

[Event "*** SCC Grand Prix: Titled Tuesday Blitz"]
[Site "Chess.com"]
[Date "2020.07.21"]
[Round "7"]
[White "DaggiGretarsson"]
[Black "swimmerchess"]
[Result "0-1"]
[WhiteElo "2615"]
[BlackElo "2799"]
[TimeControl "180+1"]
[EndTime "11:17:29 PDT"]
[Termination "swimmerchess won by resignation"]

1. d4 Nf6 2. c4 g6 3. Nc3 Bg7 4. e4 d6 5. f4 O-O 6. Nf3 c5 7. dxc5 Qa5 8. Bd3 Qxc5 9. Qe2 Nc6 10. Be3 Qa5 11. O-O Bg4 12. Rac1 Nd7 13. Qf2 Nc5 14. Bb1 Nb4 15. Rfd1 Nc6 16. h3 Bxf3 17.
Qxf3 Rfd8 18. Qf2 Rac8 19. Nd5 e6 20. b4 Nxb4 21. Ne7+ Kf8 22. Nxc8 Rxc8 23. Rxd6 b6 24. e5 Qa3 25. Rcd1 Nc6 26. Bxc5 Qxc5 27. Qxc5 bxc5 28. Be4 Nd4 29. Kf2 Rb8 30. Rb1 Rxb1 31. Bxb1 g5 32. g3 h5 33. Ra6 h4 34. fxg5 hxg3+ 35. Kxg3 Bxe5+ 36. Kf2 Bb8 37. Be4 Kg7 38. h4 f5 39.
gxf6+ Kxf6 40. Ra3 Ke5 41. Re3 Kf4 42. h5 Be5 43. h6 Bf6 44. Bg6 Bh4+ 0-1

[Event "*** SCC Grand Prix: Titled Tuesday Blitz"]
[Site "Chess.com"]
[Date "2020.07.21"]
[Round "7"]
[White "szachuspl"]
[Black "Chopper1905"]
[Result "0-1"]
[WhiteElo "2555"]
[BlackElo "2880"]
[TimeControl "180+1"]
[EndTime "11:17:30 PDT"]
[Termination "Chopper1905 won on time"]

1. d4 h6 2. e4 g5 3. h4 g4 4.
h5 d5 5. e5 c5 6. c3 Nc6 7.
Ne2 f6 8. exf6 Nxf6 9. g3 e5 10.
Bg2 cxd4 11. cxd4 e4 12. Nbc3 Be6 13. Nf4 Bf7 14. Be3 Bb4 15. Rc1 Qa5 16. a3 Bd6 17.
Kf1 Ne7 18. Kg1 Rc8 19. Bf1 a6 20.
Be2 Rg8 21. Kg2 Qd8 22. Na4 Nf5 23. Rxc8 Qxc8 24. Qb3 Nxe3+ 25. fxe3 Bxf4 26. exf4 Nxh5 27. Nc5 b5 28. a4 bxa4 29. Qxa4+ Kf8 30. Bxa6 Qc7 31.
Qd7 Qxd7 32. Nxd7+ Ke7 33. Ne5 Rb8 34. Nxf7 Rxb2+ 35. Kg1 Rb1+ 36. Kg2 Rxh1 37. Kxh1 Kxf7 38. Kg2 Nf6 39.
Bc8 Ke7 40. Kf2 Kd8 41. Bf5 Kc7 42. Bg6 Kb6 43. Ke3 Ka5 44. Bf7 Kb4 45. Bg6 Kc3 46.
Bf7 Kc2 47. Ke2 Kc3 48. Ke3 h5 49. f5 h4 50. gxh4 g3 51. h5 Ng4+ 52. Ke2 g2 0-1

[Event "*** SCC Grand Prix: Titled Tuesday Blitz"]
[Site "Chess.com"]
[Date "2020.07.21"]
[Round "7"]
[White "csati17"]
[Black "imdvb6307"]
[Result "1-0"]
[WhiteElo "2616"]
[BlackElo "2400"]
[TimeControl "180+1"]
[EndTime "11:17:30 PDT"]
[Termination "csati17 won on time"]

1. c4 Nf6 2. Nc3 c6 3. e4 d5 4. cxd5 cxd5 5. e5 d4 6. exf6 dxc3 7. bxc3 gxf6 8. d4 Nc6 9. Nf3 Bf5 10. d5 Ne5 11. Nd4 Bd7 12. f4 Ng4 13. Be2 f5 14. Qd3 Nf6 15. c4 Ne4 16. O-O Bg7 17. Rb1 Qa5 18.
Bb2 Qd2 19. Rfd1 Qxf4 20. Ba1 Qf2+ 21. Kh1 Qh4 22. Rf1 Nf2+ 23. Rxf2 Qxf2 24. Rf1 Qh4 25.
Nf3 Qh6 26. Be5 O-O 27. Qd4 Bxe5 28. Nxe5 Be8 29. Bd3 f6 30. Nf3 Bg6 31. Re1 1-0

[Event "*** SCC Grand Prix: Titled Tuesday Blitz"]
[Site "Chess.com"]
[Date "2020.07.21"]
[Round "7"]
[White "vovachesss"]
[Black "tufferguy"]
[Result "1-0"]
[WhiteElo "2579"]
[BlackElo "2300"]
[TimeControl "180+1"]
[EndTime "11:17:30 PDT"]
[Termination "vovachesss won on time"]

1. e4 e5 2. Nf3 Nc6 3. Nc3 Nf6 4. Nxe5 Nxe5 5. d4 Nc6 6. e5 Bb4 7. exf6 Qxf6 8. Be3 O-O 9. Be2 Bxc3+ 10. bxc3 d5 11. O-O Bf5 12. c4 dxc4 13. Bxc4 Rad8 14. c3 Be6 15.
Bd3 Bf5 16. Be2 Rfe8 17. Qd2 Be4 18. Bg5 Qg6 19. f3 f6 20. Bf4 Bd5 21. Bxc7 Rd7 22. Bd3 Qf7 23. Bg3 Rde7 24. Rfe1 Rxe1+ 25. Rxe1 Rxe1+ 26. Qxe1 Bxa2 27. Qe4 g6 28. Bd6 Qe6 29. Bg3 Qxe4 30. fxe4 Na5 31. Kf2 Bc4 32. Ke3 b5 33. d5 Kf7 34.
Bc2 Nb7 35. Kd4 a5 36. Bc7 a4 37. Bxa4 Bf1 38. Bb3 Bxg2 39. d6+ Ke8 40. Be6 Bf1 41. Bc8 Nxd6 42. Bxd6 1-0

[Event "*** SCC Grand Prix: Titled Tuesday Blitz"]
[Site "Chess.com"]
[Date "2020.07.21"]
[Round "7"]
[White "RaunakSadhwani2005"]
[Black "GOGIEFF"]
[Result "1/2-1/2"]
[WhiteElo "3000"]
[BlackElo "2911"]
[TimeControl "180+1"]
[EndTime "11:17:32 PDT"]
[Termination "Game drawn by repetition"]

1. d4 Nf6 2. Bf4 c5 3. e3 Qb6 4. Nc3 e6 5. Rb1 Nc6 6. Nf3 Nh5 7. Bg5 h6 8. Bh4 g5 9. Bg3 Nxg3 10. hxg3 Bg7 11.
d5 Ne7 12. Be2 Qa5 13. d6 Bxc3+ 14. bxc3 Nd5 15. Qd2 Qxa2 16. Rd1 g4 17. Ne5 Nf6 18. Nxg4 Nxg4 19. Bxg4 a5 20. e4 Qc4 21. Bf3 a4 22. Be2 Qxe4 23. Qg5 Kf8 24. Rxh6 Rxh6 25. Qxh6+ Kg8 26.
Qg5+ Qg6 27. Qd8+ Kg7 28. Bd3 Qf6 29. Qe7 a3 30. Kd2 Qxf2+ 31. Be2 Qxg3 32. Rh1 a2 33. Qd8 Qxd6+ 34. Bd3 Qf4+ 35. Ke2 Qe5+ 36. Kd2 Qf4+ 37.
Ke2 Qe5+ 38. Kd2 Qf4+ 1/2-1/2

[Event "*** SCC Grand Prix: Titled Tuesday Blitz"]
[Site "Chess.com"]
[Date "2020.07.21"]
[Round "7"]
[White "Ginger_GM"]
[Black "sergivila"]
[Result "0-1"]
[WhiteElo "2572"]
[BlackElo "2413"]
[TimeControl "180+1"]
[EndTime "11:17:32 PDT"]
[Termination "sergivila won by resignation"]

1. e4 c5 2. d4 cxd4 3. c3 dxc3 4. Nxc3 e6 5. Nf3 Nc6 6. Bc4 a6 7. O-O b5 8. Bb3 Bb7 9. Bf4 Na5 10. Bd5 b4 11. Bxb7 Nxb7 12. Nd5 exd5 13. exd5 Bd6 14. Re1+ Ne7 15. Bxd6 Nxd6 16. Qe2 Kf8 17. Qe5 Ne8 18.
Re3 d6 19. Qg5 h6 20. Qg3 Nf5 21. Qf4 Nxe3 22. Qxe3 Nf6 23. Rd1 Qb6 24. Qf4 Re8 25. Nd4 Re4 26. Qd2 Re5 27. Rc1 Kg8 28. Qd3 g6 29.
Qf3 Kg7 30. Nc6 Rxd5 31. g4 Rc5 32. Rxc5 Qxc5 33. h3 d5 34. Ne5 Qd6 35. Qf4 Re8 0-1

[Event "*** SCC Grand Prix: Titled Tuesday Blitz"]
[Site "Chess.com"]
[Date "2020.07.21"]
[Round "7"]
[White "cassoulet"]
[Black "Paul66666"]
[Result "0-1"]
[WhiteElo "2641"]
[BlackElo "2510"]
[TimeControl "180+1"]
[EndTime "11:17:33 PDT"]
[Termination "Paul66666 won by resignation"]

1. e4 c5 2. Nc3 d6 3. Nge2 Nf6 4. g3 e5 5. Bg2 Be7 6. O-O O-O 7. d3 h6 8. f4 Bg4 9. h3 Bxe2 10. Qxe2 Nc6 11.
Be3 Nd4 12. Qf2 b5 13. g4 b4 14. Nd5 Nxd5 15. exd5 exf4 16. Bxd4 cxd4 17. Qxf4 Bf6 18.
Be4 Be5 19. Qf5 g6 20. Qf2 Rc8 21. Qg2 Qg5 22. Rf3 Rc7 23. Raf1 Rfc8 24. R3f2 a5 25. Kh1 a4 26. b3 a3 27. Qf3 Qe3 28. Qg2 Qg3 29.
Qxg3 Bxg3 30. Rf3 Be5 31. R1f2 f6 32. Rxf6 Bxf6 33. Rxf6 Rxc2 34. Rxg6+ Kf8 35. Rxh6 Kg7 36. Rg6+ Kf7 37. Rh6 Rxa2 38. Rh7+ Kf6 39. Bg2 Rc1+ 40. Kh2 Rcc2 41. Kg3 Rxg2+ 42. Kf4 Raf2+ 43. Ke4 a2 44. Ra7 Rg1 0-1

[Event "*** SCC Grand Prix: Titled Tuesday Blitz"]
[Site "Chess.com"]
[Date "2020.07.21"]
[Round "7"]
[White "queen_iryna"]
[Black "Artem_Sadovsky"]
[Result "0-1"]
[WhiteElo "2269"]
[BlackElo "2500"]
[TimeControl "180+1"]
[EndTime "11:17:33 PDT"]
[Termination "Artem_Sadovsky won by resignation"]

1. d4 g6 2. Nc3 Bg7 3. e4 c6 4. f4 d5 5. e5 h5 6. Nf3 Nh6 7. h3 Nf5 8. Bd3 Ng3 9. Rg1 Bf5 10. Kf2 Ne4+ 11. Bxe4 Bxe4 12. Nxe4 dxe4 13. Ng5 c5 14. dxc5 Qc7 15. Be3 Na6 16. Nxe4 Rd8 17. Qe2 Nb4 18. Qb5+ Nc6 19. Rad1 O-O 20. a3 Nxe5 21. fxe5 Qxe5 22.
Qc4 Rxd1 23. Rxd1 Qxb2 24. Bd4 Bxd4+ 25. Qxd4 Qxc2+ 26. Rd2 Qc1 27. Qe3 Kg7 28. Ng5 Qa1 29.
Nf3 Kg8 30. Ne5 Qb1 31. g4 h4 32. Nf3 Qh1 33. Nxh4 Qh2+ 34. Ke1 Qh1+ 35. Ke2 e5 36. Nf3 Qg2+ 37. Qf2 Qxh3 38. Rd7 Qxg4 39. Re7 e4 40.
Ke3 exf3 41. Qxf3 Qc4 42. Kf2 Qxc5+ 43. Re3 Re8 44. Ke2 Qxe3+ 45. Qxe3 0-1

[Event "*** SCC Grand Prix: Titled Tuesday Blitz"]
[Site "Chess.com"]
[Date "2020.07.21"]
[Round "7"]
[White "Zarinur"]
[Black "Speshka"]
[Result "0-1"]
[WhiteElo "2089"]
[BlackElo "2220"]
[TimeControl "180+1"]
[EndTime "11:17:33 PDT"]
[Termination "Speshka won on time"]

1. e4 c5 2. Nf3 e6 3. g3 d5 4. exd5 exd5 5. d4 Nc6 6. Bg2 Nf6 7. O-O Be6 8. Re1 Be7 9. dxc5 Bxc5 10. Bh3 Qb6 11. Bxe6 Bxf2+ 12. Kg2 Bxe1 13. Qxe1 fxe6 14. Qxe6+ Ne7 15. Qxb6 axb6 16. Nc3 O-O 17. Bg5 Rad8 18. Re1 Nc6 19. Ne5 Nxe5 20. Rxe5 d4 21. Ne4 h6 22.
Bxf6 gxf6 23. Re6 Kg7 24. g4 d3 25. cxd3 Rxd3 26. Ng3 Rd2+ 27. Kh3 Rxb2 28. Nf5+ Kg6 29.
Re7 Rf7 30. Re8 Rxa2 31. Rg8+ Kh7 32. Rb8 b5 33. Rc8 b4 34. Nd6 Rd7 35. Ne4 Ra3+ 36.
Kh4 Rf7 37. Kh5 Ra5+ 0-1

[Event "*** SCC Grand Prix: Titled Tuesday Blitz"]
[Site "Chess.com"]
[Date "2020.07.21"]
[Round "7"]
[White "eljanov"]
[Black "UCantHandleDenker"]
[Result "0-1"]
[WhiteElo "2823"]
[BlackElo "2563"]
[TimeControl "180+1"]
[EndTime "11:17:34 PDT"]
[Termination "UCantHandleDenker won on time"]

1. e4 d6 2. d4 Nf6 3. Nc3 g6 4. f4 Bg7 5. Nf3 c5 6. d5 O-O 7. Bd3 Na6 8. O-O Bg4 9. Kh1 Rc8 10. a3 Nd7 11. h3 Bxf3 12. Qxf3 c4 13. Be2 Qa5 14.
Bd2 b5 15. h4 Qb6 16. h5 Nac5 17. Be3 Qb8 18. Qh3 b4 19. axb4 Qxb4 20. Rxa7 Qxb2 21. Bd2 Qxc2 22. Ra2 Qb3 23. Rb1 Bxc3 24. Rxb3 cxb3 25. Bxc3 bxa2 26. hxg6 fxg6 27. Bg4 Nf6 28. Bxc8 Ncxe4 29. Be6+ Kg7 30. Bd4 Nf2+ 31. Bxf2 a1=Q+ 32. Kh2 Qf1 33. Qh4 Rb8 34. Bd4 Rb1 35. f5 Qh1+ 36. Kg3 Rb3+ 0-1

[Event "*** SCC Grand Prix: Titled Tuesday Blitz"]
[Site "Chess.com"]
[Date "2020.07.21"]
[Round "7"]
[White "korkmaz16"]
[Black "arminmusovic"]
[Result "0-1"]
[WhiteElo "2344"]
[BlackElo "2527"]
[TimeControl "180+1"]
[EndTime "11:17:34 PDT"]
[Termination "arminmusovic won on time"]

1. d4 d5 2. Nf3 Nf6 3. e3 c5 4. b3 cxd4 5. exd4 Nc6 6. Bb2 Bg4 7.
Nbd2 e6 8. a3 Bd6 9. Bd3 O-O 10.
O-O Re8 11. Re1 Rc8 12. h3 Bh5 13. g4 Bg6 14. Qe2 Bb8 15. Ne5 Nxe5 16. dxe5 Nd7 17. Rad1 Qh4 18. Kg2 a6 19. Nf3 Qe7 20. Bc1 Qc5 21.
Bb2 Nf8 22. b4 Qc7 23. Bd4 Bxd3 24. cxd3 Ng6 25. Qe3 Qe7 26. Qg5 Qxg5 27. Nxg5 Rc2 28. Re3 Rec8 29. Kg3 h6 30. Nf3 Ra2 31. Ree1 Rcc2 32.
Rc1 Kh7 33. Rxc2 Rxc2 34. h4 f6 35. h5 Nxe5 36. Nxe5 Ra2 37. f4 fxe5 38. Bxe5 Ba7 39. Bd6 Bf2+ 40. Kf3 Bxe1 0-1

[Event "*** SCC Grand Prix: Titled Tuesday Blitz"]
[Site "Chess.com"]
[Date "2020.07.21"]
[Round "7"]
[White "ShimanovAlex"]
[Black "Bigfish1995"]
[Result "1-0"]
[WhiteElo "2823"]
[BlackElo "3007"]
[TimeControl "180+1"]
[EndTime "11:17:35 PDT"]
[Termination "ShimanovAlex won on time"]

1. Nf3 d5 2. b3 f6 3. d4 c5 4.
e3 Nc6 5. Bb2 Bg4 6. Be2 e6 7.
O-O Bd6 8. c4 Nge7 9. Nbd2 O-O 10.
cxd5 Nxd5 11. Ne4 cxd4 12. Nxd4 Bxe2 13. Nxe2 Be5 14. Bxe5 Nxe5 15. Nd4 Qe7 16. Rc1 Rac8 17. Qd2 f5 18. Nc3 Nf6 19. Rfd1 a6 20. h3 Nf7 21. Qb2 Ng5 22. b4 Kh8 23. Qb3 Rce8 24. Na4 Nge4 25.
Nc5 Nxc5 26. bxc5 Ne4 27. c6 bxc6 28. Rxc6 Qh4 29. Qc2 Ng5 30. Rxa6 f4 31. exf4 Rxf4 32. Nxe6 Rc4 33. Qf5 Ne4 34. Ra7 1-0